 Dungeon Crawl Stone Soup version 0.31-a0-1612-g4aaf141004 (webtiles) character file.

Game seed: 7969337180697166695

105 Malachi the Ducker (level 4, -1/35 HPs)
             Began as a Merfolk Gladiator on Jan 9, 2024.
             Slain by an orc
             ... wielding a +4 dagger
              (5 damage)
             ... on level 3 of the Dungeon.
             The game lasted 00:02:29 (2040 turns).

Malachi the Ducker (Merfolk Gladiator)              Turns: 2040, Time: 00:02:30

Health: -1/35      AC:  4    Str: 11 (14) XL:     4   Next: 81%
Magic:  4/4        EV: 14    Int:  2 (4)  God:
Gold:   138        SH:  0    Dex: 17 (19) Spells: 3/3 levels left

rFire   . . .        a - +0 long sword
rCold   . . .        f - orb {light}
rNeg    . . .        p - +1 robe of Foast {rPois Int-3 Slay+5 Archmagi}
rPois   +            i - +0 helmet
rElec   .            (no cloak)
rCorr   .            (no gloves)
SInv    .            (no boots)
Will    +....        (no amulet)
Stlth   +            (no ring)
HPRegen 0.25/turn    (no ring)
MPRegen 0.09/turn

%: clarity, archmagi
@: enlightened, flying, glowing
A: (nimble swimmer 2), mertail, thin skeletal structure 1, clarity
a: no special abilities


You were on level 3 of the Dungeon.
You visited 1 branch of the dungeon, and saw 3 of its levels.

You collected 138 gold pieces.

Inventory:

Hand Weapons
 a - a +0 long sword (weapon)
Missiles
 d - 4 throwing nets (quivered)
 e - a javelin
Armour
 f - an orb of light (worn)
 i - a +0 helmet (worn)
 p - the +1 robe of Foast (worn) {rPois Int-3 Slay+5 Archmagi}
   (You found it on level 2 of the Dungeon)

   Int-3:     It affects your intelligence (-3).
   Slay+5:    It affects your accuracy & damage with ranged weapons and melee
   (+5).
   rPois:     It protects you from poison Archmagi: It increases the power of
   your magical spells.
Scrolls
 h - 3 scrolls of identify {unknown}
 l - a scroll of enchant armour {unknown}
 m - a scroll of fog {unknown}
 n - a scroll of brand weapon {unknown}
 o - a scroll of teleportation {unknown}
Potions
 c - a potion of mutation
 j - a potion of lignification {unknown}
 k - 2 potions of curing {unknown}


   Skills:
 + Level 3.5 Fighting
 + Level 4.7 Long Blades
 - Level 2.0 Throwing
 + Level 5.2 Dodging


You had 3 spell levels left.
You didn't know any spells.
Your spell library contained the following spells:

 Spells                   Type           Power      Damage    Failure   Level
 Freeze                   Ice            0%         1d3       54%         1
 Frozen Ramparts          Ice            0%         1d1       89%         3
 Hailstorm                Conj/Ice       0%         3d5       89%         3
 Volatile Blastmotes      Fire/Tloc      0%         2d10      89%         3
 Fulminant Prism          Conj/Alch      0%         3d5       100%        4
 Iskenderun's Mystic Bla  Conj/Tloc      0%         2d3       100%        4


Dungeon Overview and Level Annotations

Branches:
Dungeon (3/15)

Altars:

Shops:
D:1 [


Innate Abilities, Weirdness & Mutations

((You are very nimble when in or above water. (Stealth+, EV+, Speed+++)))
Your lower body shifts to a powerful aquatic tail in water.
You have a somewhat thin skeletal structure. (Dex +2, Stealth+)
You possess an exceptional clarity of mind.


Message History

You hit the gnoll but do no damage. The gnoll misses you.
You hit the gnoll.
The gnoll is moderately wounded.
The gnoll closely misses you.
You hit the gnoll.
The gnoll is severely wounded.
The gnoll closely misses you.
You hit the gnoll but do no damage.
The gnoll is severely wounded.
The orc hits you with a +4 dagger. The gnoll closely misses you.
You hit the gnoll.
The gnoll is almost dead.
The orc hits you with a +4 dagger. The gnoll hits you but does no damage.
You completely miss the gnoll.
The gnoll is almost dead.
The orc hits you with a +4 dagger. The gnoll hits you. The orc misses you.
The orc hits you with a +0 flail.
* * * LOW HITPOINT WARNING * * *
You are too injured to fight recklessly!
You are too injured to fight recklessly!
You are too injured to fight recklessly!
You are too injured to fight recklessly!
The gnoll wields a +0 sling.
The gnoll shoots a sling bullet.
The sling bullet hits you.
* * * LOW HITPOINT WARNING * * *
You hear a shout!
The orc attacks as it pursues you! The orc barely misses you.
It was a potion of mutation.
You feel extremely strange.
Your bones become slightly less dense.
Your thoughts seem clearer.
The orc closely misses you.
It was a potion of enlightenment.
You feel very buoyant.
You fly up into the air.
The orc closely misses you. x2
It was a potion of degeneration.
There was something very wrong with that liquid.
You feel weakened.
You feel dopey.
You feel clumsy. The orc hits you with a +0 flail.
* * * LOW HITPOINT WARNING * * *
The orc hits you with a +4 dagger.
You die...

.#........ ..
#g....... ..
#.g...... #.
#.#.####. #. #.#.#
...###.####
......>...#
.........g#####
........oo....#
.#####.##@#####
......###.##.#######
#.
....#....o.......!.#
...
...#######..#####.#
#..##..# #..#
#......# #..#
.##.#...# #..#
......#.#######..#
.##.#............#


You could see a gnoll and 2 orcs.

Vanquished Creatures
  3 adders
  A gnoll (D:2)
  2 dart slugs
  A ribbon worm (D:2)
  4 orcs (D:2)
  7 ball pythons
  4 bats
  5 endoplasms
  2 giant cockroaches
  5 goblins (D:1)
  A hobgoblin (D:1)
  2 jackals (D:1)
  2 quokkas
  8 frilled lizards
  4 kobolds
  7 rats
58 creatures vanquished.

Notes
Turn   | Place    | Note
-------+----------+-------------------------------------------
     0 | D:1      | Malachi the Merfolk Gladiator began the quest for the Orb.
     0 | D:1      | Reached XP level 1. HP: 16/16 MP: 1/1
    68 | D:1      | Reached XP level 2. HP: 23/23 MP: 2/2
   185 | D:1      | Reached XP level 3. HP: 28/28 MP: 3/3
   300 | D:1      | Found Lunienk's Armour Shop.
  1009 | D:2      | Reached XP level 4. HP: 34/35 MP: 4/4
  1197 | D:2      | Identified the +9 spear of Kucveack {venom, Will+ Int+2}
  1213 | D:2      | Reached skill level 5 in Dodging
  1353 | D:2      | Identified the +1 robe of Foast {rPois Int-3 Slay+5
                  | Archmagi}
  2038 | D:3      | Gained mutation: You have a somewhat thin skeletal
                  | structure. (Dex +2, Stealth+) [potion of mutation]
  2038 | D:3      | Gained mutation: You possess an exceptional clarity of
                  | mind. [potion of mutation]
  2040 | D:3      | Slain by an orc

Illustrated notes

Levels and vault maps discovered:
D:1:      scummos_arrival_hexagon, layout_loops_cross, serial_shops, shop
D:2:      layout_loops_ring, nicolae_concentric_dashed_squares_mild
D:3:      layout_basic, nicolae_wu_jian_wuxing_cycle,
          nicolae_overflow_quartered_altars, chequers_garden,
          saegor_snake_ambush

Skill      XL: |  1  2  3  4 |
---------------+-------------+-----
Long Blades    | 4 |  4.7
Fighting       | 3 |  3.5
Dodging        | 5 |  5.2
Throwing       | |  2.0

Action                     |  1- 3 |  4- 6 || total
---------------------------+-------+-------++-------
  Melee: Long sword        |    92 |    46 ||   138
    Use: Potion            |       |     3 ||     3
 Armour: Leather armour    |    38 |    11 ||    49
         Robe              |       |    26 ||    26
  Dodge: Dodged            |    92 |    50 ||   142

Table legend: (Time is in decaauts)
 A = Elapsed time spent in this place.
 B = Non-inter-level travel time spent in this place.
 C = Inter-level travel time spent in this place.
 D = Time resting spent in this place.
 E = Time spent auto-exploring this place.
 F = Levels seen in this place.
 G = Mean time per level.
                   A        B        C        D        E       F      G
               +--------+--------+--------+--------+--------+-----+--------+
         Total |   2066 |   1884 |    182 |    266 |   1261 |   3 |  688.7 |
       Dungeon |   2066 |   1884 |    182 |    266 |   1261 |   3 |  688.7 |
               +--------+--------+--------+--------+--------+-----+--------+

Top non-repeatable levels by time:
     D:2: 1336 daAuts
     D:1: 663 daAuts
     D:3: 65 daAuts
